 Dungeon Crawl Stone Soup version 0.29-a0-231-g945431f764 (webtiles) character file.

Game seed: 4493668035560172656

778 Morbidden the Ruffian (level 7, 0/57 HPs)
             Began as a Yellow Draconian Transmuter on Mar 1, 2022.
             Slain by a scorpion (7 damage)
             ... on level 5 of the Dungeon.
             The game lasted 00:04:51 (4719 turns).

Morbidden the Ruffian (Yellow Draconian Transmuter) Turns: 4719, Time: 00:04:51

Health: 0/57       AC:  6    Str: 14    XL:     7   Next: 54%
Magic:  12/12      EV: 13    Int: 13    God:
Gold:   234        SH:  0    Dex: 12    Spells: 10/13 levels left

rFire   . . .      SeeInvis .   b - +2 dagger (venom)
rCold   . . .      Faith    .   (no shield)
rNeg    . . .      Spirit   .   (body armour unavailable)
rPois   .          Reflect  .   (helmet restricted)
rElec   .          Harm     .   l - scarf {shadows}
rCorr   +          Rampage  .   (no gloves)
Will    .....                   (no boots)
Stlth   ++........              (no amulet)
HPRegen 0.19/turn               (no ring)
MPRegen 0.13/turn               (no ring)

@: lethally poisoned (0 -> -2)
A: spit acid, AC +6, unfitting armour, cold-blooded, acid resistance
a: Breathe Acid


You were on level 5 of the Dungeon.
You visited 1 branch of the dungeon, and saw 5 of its levels.

You collected 234 gold pieces.

Inventory:

Hand Weapons
 b - a +2 dagger of venom (weapon)
Missiles
 d - 6 poisoned darts (quivered)
Armour
 l - a scarf of shadows (worn)
Scrolls
 a - 3 scrolls of identify {unknown}
 g - 2 scrolls of teleportation {unknown}
 h - 2 scrolls of summoning {unknown}
 i - a scroll of enchant armour {unknown}
 k - 2 scrolls of blinking {unknown}
 m - a scroll of fog {unknown}
Potions
 c - a potion of ambrosia {unknown}
 e - a potion of lignification {unknown}
 f - a potion of magic {unknown}
 j - 2 potions of cancellation {unknown}


   Skills:
 * Level 3.5 Fighting
 * Level 1.6 Short Blades
 + Level 0.2 Throwing
 * Level 3.8 Dodging
 + Level 1.4 Stealth
 + Level 4.8 Unarmed Combat
 * Level 3.6 Spellcasting
 * Level 3.8 Transmutations


You had 10 spell levels left.
You knew the following spells:

 Your Spells              Type           Power      Damage    Failure   Level
a - Beastly Appendage     Tmut           24%        N/A       4%          1
z - Wereblood             Tmut           12%        N/A       7%          2

Your spell library contained the following spells:

 Spells                   Type           Power      Damage    Failure   Level
 Spider Form              Tmut/Pois      7%         N/A       30%         3
 Ignite Poison            Fire/Tmut/Pois 5%         N/A       36%         3
 Conjure Flame            Conj/Fire      2%         6-21      54%         3
 Gell's Gravitas          Tloc           2%         N/A       54%         3
 Lesser Beckoning         Tloc           2%         N/A       54%         3
 Mephitic Cloud           Conj/Pois/Air  2%         N/A       54%         3
 Teleport Other           Tloc           2%         N/A       54%         3
 Ice Form                 Ice/Tmut       7%         N/A       69%         4
 Sticky Flame             Conj/Fire      2%         2d3       91%         4
 Freezing Cloud           Conj/Ice/Air   1%         6-21      99%         5


Dungeon Overview and Level Annotations

Branches:
Dungeon (6/15)
 Temple: D:4-7

Altars:
Elyvilon
Nemelex Xobeh

Shops:
D:5 ?


Innate Abilities, Weirdness & Mutations

You can spit globs of acid.
Your golden yellow scales are hard. (AC +6)
You cannot fit into any form of body armour.
You are cold-blooded and may be slowed by cold attacks.
You are resistant to acid. (rCorr)


Message History

The ice beast is lightly wounded.
The orc hits you with a +0 mace.
You hit the ice beast but do no damage.
The ice beast is lightly wounded.
The ice beast barely misses you. The orc misses you.
You hit the ice beast but do no damage.
The ice beast is lightly wounded.
The ice beast hits you but does no damage.
The orc barely misses you.
You hit the ice beast.
The ice beast is lightly wounded.
A scorpion comes into view.
The ice beast hits you but does no damage.
The orc hits you but does no damage.
You hit the ice beast but do no damage.
Your tail-slap misses the ice beast.
The ice beast is lightly wounded.
The ice beast hits you but does no damage.
The orc closely misses you.
You hit the ice beast.
The ice beast is lightly wounded.
The ice beast closely misses you. The orc misses you. The scorpion stings you.
You are poisoned.
The scorpion poisons you!
You hit the ice beast.
The ice beast is lightly wounded.
You feel sick. The ice beast hits you. The ice beast freezes you!
You feel yourself slow down.
The scorpion stings you but does no damage.
The orc misses you.
You hit the ice beast. You tail-slap the ice beast.
The ice beast is moderately wounded.
You feel sick. The scorpion stings you! The ice beast hits you.
The ice beast freezes you!
* * * LOW HITPOINT WARNING * * *
The orc hits you with a +0 mace.
* * * LOW HITPOINT WARNING * * *
Unknown command.
You feel yourself speed up.
You feel sick. The scorpion stings you!
You die...

#########
.###...###...######
.#
♣....._.....♣......#
.#
..###...###...#....#
## ##.## #####....#
#.# #....# ##.##
###### #...# #.♣.#
#.@.# ##s##
#....Yo..#
#........#
##########


You could see an ice beast, a scorpion and an orc.

Vanquished Creatures
  A black bear (D:5)
  2 phantoms (D:5)
  2 necrophages (D:5)
  A scorpion (D:3)
  A hound (D:5)
  2 jellies (D:5)
  Jessica (D:3)
  Terence (D:3)
  2 iguanas
  An orc wizard (D:5)
  6 adders
  3 worms (D:2)
  4 dart slugs
  2 orcs
  7 bats
  2 endoplasms
  5 giant cockroaches
  6 goblins
  4 hobgoblins
  10 jackals
  2 quokkas
  7 ball pythons
  4 frilled lizards
  4 kobolds
  5 rats
85 creatures vanquished.

Vanquished Creatures (others)
  An orc wizard (D:5)
1 creature vanquished.

Grand Total: 86 creatures vanquished

Notes
Turn   | Place    | Note
-------+----------+-------------------------------------------
     0 | D:1      | Morbidden the Draconian Transmuter began the quest for the
                  | Orb.
     0 | D:1      | Reached XP level 1. HP: 16/16 MP: 3/3
   313 | D:1      | Reached XP level 2. HP: 19/23 MP: 3/5
  1014 | D:1      | Reached XP level 3. HP: 28/28 MP: 4/6
  1163 | D:1      | Found a faded altar of an unknown god.
  1712 | D:2      | Learned a level 2 spell: Wereblood
  1822 | D:2      | Reached XP level 4. HP: 33/36 MP: 7/7
  2545 | D:3      | Noticed a scorpion
  2556 | D:3      | Killed a scorpion
  2557 | D:3      | Reached skill level 4 in Unarmed Combat
  2557 | D:3      | Reached XP level 5. HP: 39/41 MP: 7/9
  2592 | D:3      | Noticed Terence
  2607 | D:3      | Killed Terence
  3187 | D:3      | Noticed Jessica
  3193 | D:3      | Killed Jessica
  3539 | D:3      | Reached XP level 6. HP: 50/50 MP: 10/10
  3612 | D:3      | You fall into a shaft and drop 3 floors!
  3621 | D:5      | Entered Level 5 of the Dungeon
  3626 | D:5      | Found a sparkling altar of Nemelex Xobeh.
  3872 | D:5      | Reached skill level 1 in Stealth
  3956 | D:5      | Reached skill level 1 in Short Blades
  3956 | D:5      | Your scales start taking on a golden yellow colour.
  3956 | D:5      | Reached XP level 7. HP: 32/57 MP: 10/12
  3956 | D:5      | Gained mutation: You are resistant to acid. (rCorr) [Yellow
                  | Draconian growth]
  4106 | D:5      | Found Emil's Magic Scroll Shop.
  4674 | D:5      | Found a white marble altar of Elyvilon.
  4719 | D:5      | Slain by a scorpion

Illustrated notes

Levels and vault maps discovered:
D:1:      evilmike_arrival_hilbert_curve, layout_basic,
          shapermc_ecumenical_altar_mp_vishouse
D:2:      layout_rooms, minmay_quantized
D:3:      layout_basic, nicolae_overflow_hidden_temple, serial_bayou_pond_c,
          uniq_jessica, uniq_ijyb, uniq_terence
D:5:      layout_rooms, nicolae_overflow_hallway_of_the_gods, elyvilon_altar_1,
          nemelex_altar_shiori, serial_shops, shop, serial_curves,
          eino_curves_04, eino_curves_02
D:6:      layout_gridville, amcnicky_altar_gilded,
          minmay_temple_entry_sparse_star, gammafunk_ghost_necromancy

Skill      XL: |  1  2  3  4  5  6 |
---------------+-------------------+-----
Dodging        | 2 3 |  3.8
Fighting       | 2 3 |  3.5
Unarmed Combat | 4 |  4.8
Spellcasting   | 3 |  3.6
Transmutations | 3 |  3.8
Stealth        | 1 |  1.4
Short Blades   | 1 |  1.6
Throwing       | |  0.2

Action                   |  1- 3 |  4- 6 |  7- 9 || total
-------------------------+-------+-------+-------++-------
Melee: Unarmed           |    94 |   147 |       ||   241
       Headbutt          |    14 |    12 |     3 ||    29
       Kick              |    27 |    26 |     2 ||    55
       Tailslap          |    12 |    13 |     4 ||    29
       Punch             |       |     3 |     2 ||     5
       Dagger            |       |    18 |    36 ||    54
Throw: Dart              |       |     8 |       ||     8
 Cast: Beastly Appendage |    26 |    17 |     3 ||    46
       Wereblood         |     1 |     4 |       ||     5
 Abil: Breathe Acid      |       |       |     2 ||     2
  Use: Potion            |       |     4 |       ||     4
 Stab: Sleeping          |     1 |       |     1 ||     2
Armor: Skin              |    29 |    54 |     9 ||    92
Dodge: Dodged            |    64 |   110 |    33 ||   207

Table legend: (Time is in decaauts)
 A = Elapsed time spent in this place.
 B = Non-inter-level travel time spent in this place.
 C = Inter-level travel time spent in this place.
 D = Time resting spent in this place.
 E = Time spent auto-exploring this place.
 F = Levels seen in this place.
 G = Mean time per level.
                   A        B        C        D        E       F      G
               +--------+--------+--------+--------+--------+-----+--------+
         Total |   4699 |   4619 |     80 |    338 |   3574 |   5 |  939.8 |
       Dungeon |   4699 |   4619 |     80 |    338 |   3574 |   5 |  939.8 |
               +--------+--------+--------+--------+--------+-----+--------+

Top non-repeatable levels by time:
     D:3: 1266 daAuts
     D:1: 1243 daAuts
     D:5: 1093 daAuts
     D:2: 1087 daAuts
     D:6: 8 daAuts
